General information
- name: BNet
- type: Ladder team game (AT/RT)
- host: Battle.net
- saver: YacobsYokeYam
map: RiceFields
- players: 6
- length: 81:58
- speed: Fast
- version: 1.26 W3XP
- replay type: Public
» download(533 KB)
Players
team 1 (loser)
JustCrafty (
green | 65 APM | 3649 actions | 55:47)
4 Demon Hunter
2 Mana Burn
2 Evasion
» actions
| Assign group hotkey | 1 | |
| Basic commands | 158 | |
| Build / train | 78 | |
| Enter build submenu | 22 | |
| Enter hero's abilities submenu | 6 | |
| Give item / drop item | 1 | |
| Right click | 2774 | |
| Select / deselect | 518 | |
| Select group hotkey | 8 | |
| Use ability | 83 | |
3649 total
» units
| Wisp | 34 | |
| Huntress | 3 | |
| Archer | 2 | |
| Glaive Thrower | 17 | |
56 total
» upgrades
| Strength of the Moon | 1 | |
| Moon Armor | 1 | |
| Vorpal Blades | 1 | |
3 total
» buildings
| Altar of Elders | 1 | |
| Moon Well | 5 | |
| Hunter's Hall | 1 | |
| Ancient of War | 2 | |
| Tree of Life | 6 | |
| Ancient Protector | 5 | |
| Tree of Ages | 3 | |
23 total
» build order
00:11 Altar of Elders
00:15 Moon Well
01:41 Hunter's Hall
01:45 Ancient of War
02:07 Ancient of War
02:25 Moon Well
04:26 Moon Well
06:53 Moon Well
09:20 Tree of Life
11:34 Ancient Protector
11:37 Ancient Protector
12:40 Ancient Protector
16:43 Tree of Ages
16:43 Tree of Ages
18:21 Tree of Life
19:47 Ancient Protector
19:50 Ancient Protector
25:30 Tree of Life
25:35 Tree of Life
25:53 Moon Well
30:43 Tree of Life
31:39 Tree of Life
Tkedln30Seconds (
red | 105 APM | 6524 actions | 62:17)
7 Blademaster
3 Wind Walk
3 Critical Strike
1 Bladestorm
5 Shadow Hunter
2 Hex
3 Healing Wave
» actions
| Assign group hotkey | 194 | |
| Basic commands | 103 | |
| Build / train | 149 | |
| ESC pressed | 31 | |
| Enter build submenu | 51 | |
| Enter hero's abilities submenu | 12 | |
| Give item / drop item | 8 | |
| Remove unit from queue | 13 | |
| Right click | 2758 | |
| Select / deselect | 886 | |
| Select group hotkey | 1880 | |
| Use ability | 439 | |
6524 total
» units
| Peon | 24 | |
| Grunt | 7 | |
| Raider | 7 | |
| Spirit Walker | 9 | |
| Wind Rider | 2 | |
| Troll Witch Doctor | 1 | |
| Demolisher | 4 | |
| Troll Batrider | 40 | |
94 total
» upgrades
| Berserker Strength | 1 | |
| Ensnare | 1 | |
| Spirit Walker Training | 1 | |
| Melee Weapons | 2 | |
| Pillage | 1 | |
| Armor | 2 | |
| Spiked Barricades | 1 | |
| Ranged Weapons | 0 | |
9 total
» buildings
| Altar of Storms | 1 | |
| Orc Burrow | 8 | |
| Barracks | 2 | |
| Voodoo Lounge | 1 | |
| Stronghold | 3 | |
| Beastiary | 2 | |
| Spirit Lodge | 1 | |
| War Mill | 2 | |
| Great Hall | 11 | |
| Watch Tower | 13 | |
| Fortress | 1 | |
45 total
» build order
00:08 Altar of Storms
00:20 Orc Burrow
00:35 Barracks
01:28 Orc Burrow
01:52 Voodoo Lounge
02:58 Stronghold
03:56 Orc Burrow
05:26 Beastiary
05:40 Spirit Lodge
06:18 War Mill
06:56 Orc Burrow
06:58 Orc Burrow
09:06 Great Hall
09:29 Orc Burrow
11:10 Beastiary
11:29 Watch Tower
11:32 Watch Tower
12:23 Great Hall
14:22 Watch Tower
14:25 Watch Tower
15:27 Watch Tower
15:39 Watch Tower
15:40 Watch Tower
15:41 Watch Tower
19:11 Stronghold
19:11 Stronghold
19:31 Orc Burrow
20:03 Orc Burrow
21:45 Fortress
23:22 Barracks
24:45 Great Hall
26:34 Watch Tower
27:21 Watch Tower
27:22 Watch Tower
28:30 Great Hall
28:56 War Mill
31:52 Great Hall
35:07 Great Hall
38:17 Watch Tower
38:21 Watch Tower
45:54 Great Hall
46:17 Great Hall
47:46 Great Hall
47:52 Great Hall
48:13 Great Hall
» items
| Lesser Clarity Potion | 3 | |
| Healing Salve | 5 | |
| Scroll of Speed | 2 | |
| Claws of Attack +15 | 1 | |
| Orb of Lightning | 1 | |
| Scroll of Town Portal | 1 | |
13 total
WoW(BeLeIvE)It (
blue | 49 APM | 4008 actions | 81:54)
6 Death Knight
3 Death Coil
2 Unholy Aura
1 Animate Dead
5 Lich
3 Frost Nova
2 Frost Armor
3 Crypt Lord
2 Impale
1 Spiked Carapace
» actions
| Assign group hotkey | 40 | |
| Basic commands | 187 | |
| Build / train | 86 | |
| Enter build submenu | 17 | |
| Enter hero's abilities submenu | 15 | |
| Give item / drop item | 10 | |
| Remove unit from queue | 1 | |
| Right click | 1906 | |
| Select / deselect | 478 | |
| Select group hotkey | 1045 | |
| Use ability | 223 | |
4008 total
» units
| Acolyte | 2 | |
| Ghoul | 1 | |
| Crypt Fiend | 10 | |
| Obsidian Statue | 6 | |
| Frost Wyrm | 6 | |
| Meatwagon | 8 | |
33 total
» upgrades
| Creature Attack | 3 | |
| Creature Carapace | 3 | |
| Burrow | 1 | |
| Destroyer Form | 1 | |
| Web | 1 | |
| Freezing Breath | 1 | |
10 total
» buildings
| Graveyard | 1 | |
| Crypt | 1 | |
| Altar of Darkness | 1 | |
| Ziggurat | 9 | |
| Tomb of Relics | 1 | |
| Nerubian Tower | 1 | |
| Halls of the Dead | 5 | |
| Black Citadel | 1 | |
| Slaughterhouse | 1 | |
| Sacrificial Pit | 1 | |
| Boneyard | 1 | |
| Stronghold | 1 | |
24 total
» build order
00:11 Graveyard
00:13 Crypt
00:48 Altar of Darkness
00:54 Ziggurat
01:11 Tomb of Relics
01:50 Ziggurat
02:03 Nerubian Tower
03:17 Halls of the Dead
03:17 Halls of the Dead
03:17 Halls of the Dead
03:58 Ziggurat
05:41 Black Citadel
07:39 Slaughterhouse
07:41 Sacrificial Pit
07:45 Ziggurat
08:28 Ziggurat
08:44 Boneyard
10:01 Ziggurat
11:02 Ziggurat
11:03 Ziggurat
13:50 Ziggurat
64:36 Stronghold
» items
| Rod of Necromancy | 1 | |
| Scroll of Healing | 2 | |
| Potion of Healing | 4 | |
| Potion of Mana | 3 | |
| Orb of Corruption | 1 | |
| Scroll of Town Portal | 1 | |
12 total
team 2 (winner)
DIRTMCWORDup (
orange | 91 APM | 7418 actions | 81:54)
6 Demon Hunter
3 Mana Burn
2 Evasion
1 Metamorphosis
4 Pandaren Brewmaster
2 Breath of Fire
1 Drunken Haze
1 Drunken Brawler
» actions
| Assign group hotkey | 21 | |
| Basic commands | 56 | |
| Build / train | 78 | |
| ESC pressed | 2 | |
| Enter build submenu | 23 | |
| Enter hero's abilities submenu | 10 | |
| Give item / drop item | 1 | |
| Right click | 4033 | |
| Select / deselect | 337 | |
| Select group hotkey | 2593 | |
| Use ability | 264 | |
7418 total
» units
» upgrades
| Well Spring | 1 | |
| Ultravision | 1 | |
| Strength of the Wild | 3 | |
| Corrosive Breath | 1 | |
| Reinforced Hides | 3 | |
9 total
» buildings
| Altar of Elders | 2 | |
| Moon Well | 13 | |
| Tree of Ages | 1 | |
| Hunter's Hall | 1 | |
| Ancient of Wonders | 1 | |
| Tree of Eternity | 1 | |
| Ancient of Wind | 1 | |
| Chimaera Roost | 2 | |
| Tree of Life | 1 | |
23 total
» build order
00:11 Altar of Elders
00:13 Moon Well
01:51 Moon Well
04:06 Moon Well
04:32 Tree of Ages
06:18 Hunter's Hall
06:54 Ancient of Wonders
06:55 Tree of Eternity
11:45 Moon Well
12:14 Ancient of Wind
15:00 Chimaera Roost
15:04 Chimaera Roost
19:18 Moon Well
19:21 Moon Well
19:25 Moon Well
19:29 Moon Well
25:21 Moon Well
25:21 Moon Well
25:25 Tree of Life
33:40 Moon Well
33:41 Moon Well
33:42 Moon Well
33:45 Altar of Elders
» items
| Healing Salve | 2 | |
| Orb of Venom | 1 | |
| Orb of Lightning | 1 | |
| Lesser Clarity Potion | 2 | |
| Staff of Preservation | 2 | |
| Potion of Healing | 4 | |
| Scroll of Town Portal | 7 | |
| Scroll of Regeneration | 1 | |
20 total
iggy_the_fisk (
yellow | 71 APM | 5841 actions | 81:54)
5 Blademaster
3 Wind Walk
2 Critical Strike
» actions
| Assign group hotkey | 1730 | |
| Basic commands | 4 | |
| Build / train | 56 | |
| Enter build submenu | 48 | |
| Enter hero's abilities submenu | 5 | |
| Give item / drop item | 1 | |
| Right click | 2992 | |
| Select / deselect | 401 | |
| Select group hotkey | 428 | |
| Use ability | 176 | |
5841 total
» units
» upgrades
| Liquid Fire | 1 | |
| Reinforced Defenses | 1 | |
| Ranged Weapons | 1 | |
3 total
» buildings
| Altar of Storms | 1 | |
| Orc Burrow | 4 | |
| War Mill | 1 | |
| Voodoo Lounge | 4 | |
| Watch Tower | 28 | |
| Stronghold | 1 | |
| Fortress | 1 | |
| Beastiary | 2 | |
42 total
» build order
00:07 Altar of Storms
00:16 Orc Burrow
01:00 War Mill
01:12 Voodoo Lounge
02:15 Watch Tower
02:22 Watch Tower
02:39 Orc Burrow
03:08 Stronghold
03:32 Watch Tower
03:34 Watch Tower
04:09 Watch Tower
04:10 Watch Tower
04:55 Watch Tower
04:58 Watch Tower
05:33 Fortress
05:35 Beastiary
05:36 Beastiary
05:46 Voodoo Lounge
05:53 Voodoo Lounge
06:00 Watch Tower
06:31 Watch Tower
06:43 Orc Burrow
08:41 Voodoo Lounge
09:15 Watch Tower
09:43 Orc Burrow
11:07 Watch Tower
12:19 Watch Tower
13:08 Watch Tower
14:36 Watch Tower
16:39 Watch Tower
17:38 Watch Tower
17:38 Watch Tower
18:04 Watch Tower
19:08 Watch Tower
19:09 Watch Tower
19:30 Watch Tower
19:47 Watch Tower
19:47 Watch Tower
20:14 Watch Tower
20:14 Watch Tower
21:00 Watch Tower
21:00 Watch Tower
» items
| Lesser Clarity Potion | 4 | |
| Healing Salve | 2 | |
| Orb of Lightning | 1 | |
| Scroll of Town Portal | 1 | |
8 total
YacobsYokeYam (
pink | 100 APM | 8228 actions | 81:58)
5 Archmage
3 Blizzard
2 Brilliance Aura
5 Blood Mage
2 Flame Strike
2 Siphon Mana
1 Banish
5 Paladin
3 Holy Light
2 Divine Shield
» actions
| Assign group hotkey | 259 | |
| Basic commands | 255 | |
| Build / train | 357 | |
| ESC pressed | 16 | |
| Enter build submenu | 171 | |
| Enter hero's abilities submenu | 16 | |
| Give item / drop item | 9 | |
| Remove unit from queue | 1 | |
| Right click | 3227 | |
| Select / deselect | 1239 | |
| Select group hotkey | 2007 | |
| Use ability | 670 | |
8228 total
» units
| Peasant | 35 | |
| Dragonhawk Rider | 15 | |
| Gryphon Rider | 7 | |
57 total
» upgrades
| Masonry | 3 | |
| Lumber Harvesting | 2 | |
| Magic Sentry | 1 | |
| Animal War Training | 1 | |
| Cloud | 1 | |
| Swords | 3 | |
| Armor | 4 | |
| Storm Hammers | 1 | |
16 total
» buildings
| Altar of Kings | 1 | |
| Farm | 7 | |
| Lumber Mill | 1 | |
| Scout Tower | 167 | |
| Arcane Tower | 23 | |
| Guard Tower | 197 | |
| Keep | 3 | |
| Arcane Vault | 2 | |
| Castle | 3 | |
| Gryphon Aviary | 2 | |
| Arcane Sanctum | 1 | |
| Town Hall | 7 | |
| Barracks | 1 | |
| Blacksmith | 1 | |
416 total
» build order
00:02 Altar of Kings
00:05 Farm
00:26 Lumber Mill
00:48 Scout Tower
01:16 Scout Tower
01:17 Arcane Tower
01:24 Scout Tower
01:25 Scout Tower
01:38 Arcane Tower
01:39 Arcane Tower
01:39 Arcane Tower
01:46 Scout Tower
01:46 Guard Tower
01:48 Guard Tower
01:48 Guard Tower
01:48 Guard Tower
01:55 Scout Tower
01:56 Scout Tower
02:16 Scout Tower
02:16 Guard Tower
02:23 Guard Tower
02:23 Guard Tower
02:24 Guard Tower
02:26 Guard Tower
02:26 Guard Tower
02:26 Guard Tower
02:27 Guard Tower
02:27 Guard Tower
02:27 Guard Tower
02:27 Guard Tower
02:31 Guard Tower
02:32 Guard Tower
02:33 Scout Tower
02:34 Scout Tower
02:39 Scout Tower
02:45 Farm
02:47 Scout Tower
02:48 Guard Tower
02:48 Guard Tower
03:02 Guard Tower
03:03 Guard Tower
03:03 Guard Tower
03:20 Scout Tower
03:21 Scout Tower
03:36 Scout Tower
03:38 Scout Tower
03:38 Guard Tower
03:38 Guard Tower
03:39 Guard Tower
03:45 Guard Tower
03:45 Guard Tower
03:45 Guard Tower
03:55 Scout Tower
03:56 Scout Tower
04:07 Scout Tower
04:09 Scout Tower
04:10 Guard Tower
04:10 Guard Tower
04:11 Guard Tower
04:14 Guard Tower
04:14 Guard Tower
04:14 Guard Tower
04:14 Guard Tower
04:21 Farm
04:45 Scout Tower
04:46 Scout Tower
04:46 Guard Tower
04:47 Guard Tower
04:47 Guard Tower
04:52 Scout Tower
04:54 Scout Tower
04:57 Guard Tower
04:57 Guard Tower
04:57 Guard Tower
04:58 Guard Tower
05:03 Guard Tower
05:03 Guard Tower
05:04 Guard Tower
05:15 Guard Tower
05:15 Guard Tower
05:16 Keep
05:16 Keep
05:24 Scout Tower
05:25 Scout Tower
05:43 Guard Tower
05:43 Guard Tower
05:45 Scout Tower
05:46 Scout Tower
05:53 Scout Tower
05:58 Guard Tower
05:58 Guard Tower
06:00 Scout Tower
06:01 Scout Tower
06:19 Scout Tower
06:19 Guard Tower
06:20 Guard Tower
06:30 Guard Tower
06:31 Scout Tower
06:31 Scout Tower
06:45 Arcane Vault
07:02 Guard Tower
07:03 Scout Tower
07:05 Scout Tower
07:06 Guard Tower
07:06 Guard Tower
07:13 Scout Tower
07:22 Guard Tower
07:24 Scout Tower
07:43 Scout Tower
07:43 Guard Tower
07:43 Guard Tower
07:47 Scout Tower
07:48 Guard Tower
07:48 Guard Tower
08:08 Scout Tower
08:10 Guard Tower
08:11 Guard Tower
08:11 Castle
08:11 Castle
08:14 Farm
08:15 Farm
08:19 Scout Tower
08:20 Guard Tower
08:20 Guard Tower
08:21 Guard Tower
08:21 Guard Tower
08:22 Scout Tower
09:12 Scout Tower
09:13 Guard Tower
09:26 Scout Tower
09:26 Guard Tower
09:26 Guard Tower
09:28 Scout Tower
09:43 Scout Tower
09:43 Guard Tower
09:44 Guard Tower
09:44 Guard Tower
09:44 Guard Tower
09:54 Scout Tower
09:54 Guard Tower
09:54 Guard Tower
09:55 Guard Tower
09:55 Guard Tower
10:01 Guard Tower
10:04 Gryphon Aviary
10:17 Scout Tower
10:17 Guard Tower
10:18 Guard Tower
10:23 Guard Tower
10:23 Guard Tower
11:22 Arcane Sanctum
11:30 Town Hall
11:34 Scout Tower
11:36 Scout Tower
12:03 Scout Tower
12:04 Scout Tower
12:06 Scout Tower
12:06 Scout Tower
12:06 Scout Tower
12:07 Guard Tower
13:32 Guard Tower
13:38 Scout Tower
14:15 Guard Tower
14:15 Guard Tower
14:19 Scout Tower
15:27 Scout Tower
15:28 Scout Tower
15:30 Scout Tower
16:10 Guard Tower
16:10 Guard Tower
16:10 Guard Tower
17:32 Barracks
18:43 Blacksmith
19:06 Scout Tower
19:07 Scout Tower
19:08 Scout Tower
19:39 Guard Tower
19:54 Scout Tower
19:55 Scout Tower
19:55 Scout Tower
21:23 Scout Tower
21:23 Guard Tower
21:49 Scout Tower
21:49 Scout Tower
21:49 Scout Tower
21:51 Scout Tower
21:52 Scout Tower
21:52 Scout Tower
21:58 Scout Tower
21:59 Guard Tower
21:59 Guard Tower
22:01 Guard Tower
22:01 Guard Tower
22:34 Guard Tower
23:47 Guard Tower
23:47 Guard Tower
23:48 Scout Tower
23:49 Scout Tower
23:49 Scout Tower
24:09 Farm
24:09 Farm
24:23 Guard Tower
24:26 Scout Tower
24:27 Scout Tower
25:23 Scout Tower
25:25 Scout Tower
25:31 Guard Tower
26:04 Guard Tower
26:59 Scout Tower
26:59 Scout Tower
27:00 Scout Tower
27:00 Scout Tower
27:01 Scout Tower
27:02 Scout Tower
27:02 Scout Tower
27:02 Scout Tower
27:02 Scout Tower
27:03 Scout Tower
27:03 Scout Tower
27:04 Scout Tower
27:04 Scout Tower
27:05 Scout Tower
27:05 Scout Tower
27:10 Scout Tower
28:03 Guard Tower
28:04 Guard Tower
28:04 Guard Tower
28:04 Guard Tower
28:25 Guard Tower
28:25 Guard Tower
28:27 Guard Tower
28:27 Guard Tower
28:27 Guard Tower
28:33 Guard Tower
28:34 Guard Tower
28:57 Town Hall
29:14 Scout Tower
29:14 Scout Tower
29:15 Scout Tower
29:15 Scout Tower
29:17 Scout Tower
29:20 Guard Tower
29:20 Guard Tower
29:22 Scout Tower
29:22 Scout Tower
29:39 Town Hall
29:46 Guard Tower
29:46 Guard Tower
29:49 Scout Tower
29:49 Scout Tower
29:58 Scout Tower
29:59 Scout Tower
31:10 Guard Tower
31:11 Guard Tower
31:21 Guard Tower
31:23 Guard Tower
31:23 Guard Tower
31:30 Guard Tower
31:30 Guard Tower
32:20 Guard Tower
32:28 Arcane Vault
34:42 Scout Tower
34:42 Scout Tower
35:09 Gryphon Aviary
35:15 Guard Tower
35:15 Guard Tower
35:28 Town Hall
35:36 Scout Tower
35:37 Scout Tower
35:40 Scout Tower
35:41 Scout Tower
35:42 Scout Tower
35:42 Scout Tower
36:11 Scout Tower
36:12 Scout Tower
36:12 Scout Tower
36:13 Scout Tower
36:13 Scout Tower
36:14 Scout Tower
36:15 Scout Tower
36:15 Scout Tower
36:16 Scout Tower
36:17 Scout Tower
36:17 Scout Tower
36:18 Guard Tower
36:19 Guard Tower
36:23 Scout Tower
36:24 Scout Tower
36:26 Scout Tower
36:43 Guard Tower
36:43 Guard Tower
36:43 Guard Tower
36:43 Guard Tower
36:45 Guard Tower
36:45 Guard Tower
36:46 Guard Tower
36:50 Guard Tower
36:57 Guard Tower
37:35 Guard Tower
37:35 Guard Tower
37:36 Guard Tower
37:39 Scout Tower
37:39 Scout Tower
37:39 Scout Tower
37:40 Scout Tower
37:42 Scout Tower
37:58 Guard Tower
37:58 Guard Tower
38:07 Guard Tower
38:07 Guard Tower
38:12 Guard Tower
38:12 Guard Tower
38:48 Arcane Tower
38:49 Arcane Tower
38:49 Arcane Tower
38:49 Arcane Tower
38:52 Guard Tower
38:53 Guard Tower
39:40 Scout Tower
39:41 Scout Tower
40:40 Guard Tower
40:42 Town Hall
41:16 Town Hall
41:20 Scout Tower
41:21 Scout Tower
41:21 Scout Tower
41:22 Scout Tower
41:22 Scout Tower
41:23 Scout Tower
41:23 Scout Tower
41:24 Scout Tower
41:24 Scout Tower
44:55 Town Hall
44:56 Scout Tower
45:32 Guard Tower
45:32 Scout Tower
46:00 Scout Tower
46:03 Scout Tower
46:03 Scout Tower
46:04 Scout Tower
46:06 Guard Tower
46:10 Scout Tower
46:51 Guard Tower
46:51 Guard Tower
47:22 Scout Tower
47:23 Arcane Tower
47:23 Arcane Tower
47:23 Arcane Tower
47:30 Arcane Tower
47:30 Arcane Tower
47:30 Arcane Tower
48:02 Arcane Tower
48:03 Arcane Tower
48:05 Scout Tower
48:05 Scout Tower
48:05 Scout Tower
48:07 Scout Tower
48:10 Scout Tower
48:37 Arcane Tower
48:38 Arcane Tower
48:38 Arcane Tower
48:38 Arcane Tower
» items
| Lesser Clarity Potion | 3 | |
| Scroll of Regeneration | 3 | |
| Staff of Sanctuary | 4 | |
| Potion of Healing | 1 | |
| Orb of Lightning | 1 | |
| Healing Salve | 1 | |
| Scroll of Town Portal | 4 | |
| Circlet of Nobility | 1 | |
| Potion of Greater Healing | 1 | |
| Ring of Protection +5 | 1 | |
20 total
Chat log
(00:37 / All) YacobsYokeYam: please
(00:38 / All) YacobsYokeYam: im putting on socks
(00:39 / All) DIRTMCWORDup: no
(00:40 / All) DIRTMCWORDup: my pizza
(00:41 / All) JustCrafty: LOL
(00:43 / All) Tkedln30Seconds: My pizza is yours
(00:44 / All) DIRTMCWORDup: pizza is a treat
(00:45 / All) Tkedln30Seconds: pizza
(00:46 / All) Tkedln30Seconds: virgin dick
(00:49 / All) iggy_the_fisk: pizza
(00:51 / All) DIRTMCWORDup: when i ask for a pizza he beats me with a stick
(01:06 / All) Tkedln30Seconds: pizza dick
(01:17 / All) Tkedln30Seconds: anyone else have pimples on their genitals?
(02:40 / All) Tkedln30Seconds: Ron jeremy has a 9.6 Inch penis
(02:43 / All) Tkedln30Seconds: and can suck his own dick
(02:54 / All) DIRTMCWORDup: so what i can suck his dick too
(13:26 / All) WoW(BeLeIvE)It: wood
(29:48 / All) Tkedln30Seconds: i bet you level 1 shit heads
(29:52 / All) Tkedln30Seconds: Are level 1 because this is all you do
(29:56 / All) iggy_the_fisk: I am pretty amazing
(30:07 / All) iggy_the_fisk: level a hundred on manya ccounts
(30:09 / All) iggy_the_fisk: POW
(30:12 / All) iggy_the_fisk: goes the expo
(30:26 / All) iggy_the_fisk: bye
(32:51 / All) iggy_the_fisk: hmm red
(32:54 / All) iggy_the_fisk: save your hero next time
(33:28 / All) iggy_the_fisk: shadow hunter
(33:29 / All) iggy_the_fisk: Nooo
(33:54 / All) iggy_the_fisk: free raiders
(33:55 / All) iggy_the_fisk: yum
(34:10 / All) iggy_the_fisk: why can't u kill a tower?
(34:17 / All) JustCrafty: why u trash
(34:25 / All) iggy_the_fisk: because it's all we need
(34:33 / All) JustCrafty: cuz ur trash
(34:35 / All) JustCrafty: was the answer
(34:46 / All) iggy_the_fisk: do I need to play serious against you? nope
(34:48 / All) iggy_the_fisk: don't even need a base
(34:59 / All) iggy_the_fisk: www.highper.ch take some lessons
(35:01 / All) WoW(BeLeIvE)It: shut up 50% nub
(35:07 / All) iggy_the_fisk: our official website thanks n spanks
(35:09 / All) Tkedln30Seconds: Trash
(35:10 / All) WoW(BeLeIvE)It: i had 4 sec delay all game
(35:11 / All) Tkedln30Seconds: Your trash
(35:11 / All) Tkedln30Seconds: LOL
(35:15 / All) Tkedln30Seconds: Trash website for trash plaer
(35:26 / All) WoW(BeLeIvE)It: man kids need to learn to play warcraft not cube craft
(35:33 / All) JustCrafty: LOL
(36:02 / All) iggy_the_fisk: green
(36:05 / All) iggy_the_fisk: you have no tp
(38:05 / All) Tkedln30Seconds: pusys
(38:17 / All) iggy_the_fisk: just kill 1 tower how hard could it be
(38:28 / All) Tkedln30Seconds: ^
(40:19 / All) iggy_the_fisk: certainly I've seen better plays in my days
(40:26 / All) JustCrafty: 1v1?
(40:34 / All) iggy_the_fisk: this just won't cut it in the big leagues I'm afraid
(40:37 / All) iggy_the_fisk: can'te ven kill towers...
(40:41 / All) JustCrafty: LOL
(40:42 / All) WoW(BeLeIvE)It: terrible fucken 50% trash kids
(40:50 / All) JustCrafty: why dont u go back to sucking ur daddys dick kid
(40:53 / All) iggy_the_fisk: 1v1? scrub?
(40:58 / All) JustCrafty: sure
(40:59 / All) WoW(BeLeIvE)It: bad players
(41:01 / All) WoW(BeLeIvE)It: pathetic love it
(41:03 / All) JustCrafty: clan cg after kid
(41:03 / All) iggy_the_fisk: can't kill a fuckin tower? lmfao
(41:10 / All) iggy_the_fisk: replay posted to www.highper.ch
(41:17 / All) iggy_the_fisk: thanks visit it learn how to kill 1 tower maybe?
(41:28 / All) WoW(BeLeIvE)It: learn to play a 10 year old game 50% nub
(41:31 / All) JustCrafty: whos gonna watch it?
(41:32 / All) JustCrafty: LOL
(41:33 / All) iggy_the_fisk: already know
(41:37 / All) iggy_the_fisk: I can win a game without a base
(41:44 / All) WoW(BeLeIvE)It: tp u scrub
(41:46 / All) JustCrafty: 1v1 trash?
(41:51 / All) iggy_the_fisk: 1v1? 1v1?
(41:52 / All) Tkedln30Seconds: tp trash
(41:53 / All) Tkedln30Seconds: lol
(41:55 / All) iggy_the_fisk: try to play better in it
(41:55 / All) JustCrafty: clan cg
(41:57 / All) JustCrafty: after trash
(42:00 / All) DIRTMCWORDup: OK
(42:04 / All) DIRTMCWORDup: meet you there
(42:06 / All) WoW(BeLeIvE)It: 50% nubs this is pathetic l2p scrubs
(42:11 / All) iggy_the_fisk: yeah it is
(42:15 / All) iggy_the_fisk: we just make towers and shit
(42:16 / All) iggy_the_fisk: and still win
(42:19 / All) iggy_the_fisk: ridiculous
(42:20 / All) WoW(BeLeIvE)It: ood job ruining smoething called a gg faggot nub
(42:21 / All) JustCrafty: LOL
(42:26 / All) JustCrafty: clan cg
(42:28 / All) JustCrafty: after trash
(42:43 / All) WoW(BeLeIvE)It: saw that pepon nub moron
(42:54 / All) iggy_the_fisk: saw ur allies get smashed scrubby
(43:00 / All) iggy_the_fisk: too bad you weren't there to help
(43:06 / All) iggy_the_fisk: buh-bye
(43:25 / All) WoW(BeLeIvE)It: funny when 50% nubs cant lay
(43:35 / All) DIRTMCWORDup: ye you guys are funny
(43:35 / All) iggy_the_fisk: i bet you wish you had won this game
(43:41 / All) iggy_the_fisk: you had all the siege, played against tower noobs
(43:45 / All) iggy_the_fisk: killed two bases
(43:47 / All) iggy_the_fisk: but still..
(43:53 / All) iggy_the_fisk: couldn't quite hack it
(44:09 / All) WoW(BeLeIvE)It: a
(44:17 / All) WoW(BeLeIvE)It: good game 50% nubs
(44:22 / All) iggy_the_fisk: looks like it's time for scrubbies to leave
(44:22 / All) WoW(BeLeIvE)It: good job trying to be good at a 10 year old game
(44:24 / All) iggy_the_fisk: don't dodge 1v1 thanks
(44:35 / All) WoW(BeLeIvE)It: good attempt to be good at a 10 year old game hahaha filth ass kids
(44:44 / All) iggy_the_fisk: I'm wondering
(44:51 / All) iggy_the_fisk: is there anyone who knows how to play warcraft 3 in here+
(44:52 / All) WoW(BeLeIvE)It: maybe 1 day ull actually be good
(44:59 / All) iggy_the_fisk: i'm looking for a guide on how to kill 1 tower
(45:06 / All) iggy_the_fisk: does anyone know
(45:16 / All) Tkedln30Seconds: dead demon hunter
(45:17 / All) Tkedln30Seconds: baddie
(45:19 / All) WoW(BeLeIvE)It: juast mayeb 1 day a 50% nub whose been playing for 10years will get good
(45:22 / All) Tkedln30Seconds: lost chimera
(45:23 / All) Tkedln30Seconds: baddie
(45:29 / All) iggy_the_fisk: lost the game, yowch!
(45:36 / All) WoW(BeLeIvE)It: such terrible players
(45:39 / All) iggy_the_fisk: how could it be??
(45:42 / All) WoW(BeLeIvE)It: lmfao replay is posted enj0y
(45:43 / All) iggy_the_fisk: we're so terrible and we win what??
(45:47 / All) iggy_the_fisk: wher
(45:49 / All) iggy_the_fisk: where u posting it
(46:00 / All) iggy_the_fisk: we posting it to our official website www.highper.ch home of highperching
(46:02 / All) iggy_the_fisk: where u posting it?
(46:11 / All) WoW(BeLeIvE)It: i love terribad children
(46:17 / All) DIRTMCWORDup: why so mad
(46:18 / All) iggy_the_fisk: answer my question
(46:20 / All) WoW(BeLeIvE)It: good job ruining a legit game with ur dick sucking lips child
(46:20 / All) DIRTMCWORDup: you lost a 15 year old game
(46:21 / All) iggy_the_fisk: where are you posting this replay
(46:27 / All) WoW(BeLeIvE)It: learn how to asctually play a 10 year old game
(46:35 / All) DIRTMCWORDup: ?? i just won
(46:40 / All) iggy_the_fisk: imagine playing a 10 year old game and not knowing how to kill 1 tower
(46:46 / All) iggy_the_fisk: the most basic of defensive structures
(47:00 / All) iggy_the_fisk: what happens if I make 1 tower in our 1v1
(47:04 / All) WoW(BeLeIvE)It: DO U KNOW NOTHING U SAYS HAS ANY EFECT OR MAKES ANY SENSE
(47:05 / All) iggy_the_fisk: you'll just quit and call me a baddie kid??
(47:17 / All) iggy_the_fisk: it makes quite a lot of sense: we won, you lost
(47:25 / All) WoW(BeLeIvE)It: YES KID WE OBV KNOW U WON
(47:26 / All) DIRTMCWORDup: hey blue
(47:29 / All) WoW(BeLeIvE)It: LETS FIGURE OUT THE 2 REASONS WHY
(47:30 / All) DIRTMCWORDup: i hear you're having trouble irl
(47:32 / All) DIRTMCWORDup: :(
(47:33 / All) WoW(BeLeIvE)It: NUMBER 1 U HACKED OBV
(47:35 / All) DIRTMCWORDup: i'm sorry man
(47:38 / All) DIRTMCWORDup: want me to leavE?
(47:39 / All) Tkedln30Seconds: I bet your the exile at your lunch table at school
(47:41 / All) WoW(BeLeIvE)It: NUMBER 2 U TOWERED TO MASS AIR
(47:44 / All) DIRTMCWORDup: would you feel better
(47:47 / All) iggy_the_fisk: guys
(47:48 / All) DIRTMCWORDup: if i gave you this win
(47:54 / All) WoW(BeLeIvE)It: TERRIBLE ASS KIDS
(47:55 / All) iggy_the_fisk: we can work something out
(48:06 / All) WoW(BeLeIvE)It: ONLY KIDS WHO R BEATEN BY THEIR FATHERS GO AROUND RUINING FUN FOR OTHERS
(48:09 / All) WoW(BeLeIvE)It: IS THAT U 3 FAGGOTS?
(48:14 / All) WoW(BeLeIvE)It: UR DADDY SHOVES HIS COCK IN UR ASS?
(48:20 / All) WoW(BeLeIvE)It: SO U GOTTA RUIN THE GAME FOR PROS LIKE US?
(48:23 / All) WoW(BeLeIvE)It: GO KILL YOURSELF
(48:25 / All) YacobsYokeYam: you consider yourself pros ?
(48:26 / All) WoW(BeLeIvE)It: END UR MISERABLE LIFE
(48:28 / All) WoW(BeLeIvE)It: TRASH BITCH
(48:29 / All) Tkedln30Seconds: Your bad honestly
(48:30 / All) DIRTMCWORDup: dang
(48:32 / All) iggy_the_fisk: if you are professionals
(48:33 / All) DIRTMCWORDup: are you projecting
(48:33 / All) Tkedln30Seconds: Like seriously your shit
(48:34 / All) DIRTMCWORDup: blue
(48:37 / All) Tkedln30Seconds: Kid
(48:40 / All) iggy_the_fisk: maybe this win could have monetary value to you
(48:40 / All) Tkedln30Seconds: Also
(48:41 / All) DIRTMCWORDup: does your dad beat you irl?? whats going on
(48:44 / All) iggy_the_fisk: www.highper.ch/win
(48:44 / All) WoW(BeLeIvE)It: KIDS CANT PLAY A 10 YEAR OLD GAME ITS SO GHILARIOUS
(48:47 / All) WoW(BeLeIvE)It: GOOD JOB RUINING IT
(48:50 / All) iggy_the_fisk: this win is still within reach!
(48:52 / All) DIRTMCWORDup: listen
(48:53 / All) iggy_the_fisk: www.highper.ch/win
(48:55 / All) WoW(BeLeIvE)It: GO BACK TO UR DADDYS BEAT DOWN TRASH
(48:57 / All) DIRTMCWORDup: and talk to me
(48:57 / All) Tkedln30Seconds: I bet your the type of kid who always sits alone on his bus because he smells like shit and has never heard of proactive,
(48:59 / All) DIRTMCWORDup: whats going on
(49:03 / All) Tkedln30Seconds: listens to music and stares at the window
(49:05 / All) Tkedln30Seconds: Fucking pussy cunt
(49:09 / All) WoW(BeLeIvE)It: sTOP RUINING THE GAME FOR OTHERS B/C U FAILED AT IT FOR 10 YEARS U ASS BLASTING FAGOT
(49:13 / All) Tkedln30Seconds: I just got done making out with a girl while you virgins were doing ATs in your previous games
(49:21 / All) Tkedln30Seconds: You little cunts probobly have never gotten pussy in your lives
(49:21 / All) iggy_the_fisk: Is that why you played so bad+
(49:22 / All) YacobsYokeYam: how are we ruining the game? we just played it better than you
(49:22 / All) DIRTMCWORDup: mne too
(49:24 / All) DIRTMCWORDup: my mom
(49:28 / All) iggy_the_fisk: busy with ur hot gf?
(49:31 / All) iggy_the_fisk: because that's a good excuse
(49:32 / All) DIRTMCWORDup: i kiss my mom all day
(49:33 / All) Tkedln30Seconds: Not even my gf
(49:34 / All) Tkedln30Seconds: Which is funny
(49:35 / All) Tkedln30Seconds: LOL
(49:43 / All) iggy_the_fisk: fuck you have 2 girls??
(49:43 / All) DIRTMCWORDup: so fuck u if u think i cant kiss a girl..
(49:44 / All) WoW(BeLeIvE)It: I LOVE 12 YEAR OLD KKIDS
(49:46 / All) iggy_the_fisk: i'd play like shit too
(49:49 / All) WoW(BeLeIvE)It: DADDY BEATS THEM AND FUCKS THEM
(49:52 / All) Tkedln30Seconds: Heres whats funny though
(49:55 / All) WoW(BeLeIvE)It: SO THEY COME ON THIS DEAD GAME AND TURN ON TRASH HACKS
(50:01 / All) WoW(BeLeIvE)It: AND RUIN THE FUN FOR OTHERS
(50:05 / All) Tkedln30Seconds: Not only do I have a better life then you, I could rape your ass in this game anyday trash 1v1 me
(50:09 / All) WoW(BeLeIvE)It: IT IS NOT OUR FAULT UR DAD SHOVES HIS DICK IN YOUR VIRGIN ASSES
(50:10 / All) WoW(BeLeIvE)It: GET OVER IT
(50:11 / All) Tkedln30Seconds: You probobly zmap
(50:12 / All) WoW(BeLeIvE)It: LIFE GOES ON
(50:13 / All) DIRTMCWORDup: blue
(50:14 / All) Tkedln30Seconds: I wouldnt be surprised
(50:14 / All) DIRTMCWORDup: stop
(50:15 / All) JustCrafty: LOL
(50:15 / All) DIRTMCWORDup: LISTEN UP
(50:16 / All) iggy_the_fisk: Hey where ya'll from?
(50:17 / All) DIRTMCWORDup: do you really
(50:19 / All) DIRTMCWORDup: want this game?
(50:20 / All) JustCrafty: UMAD?
(50:20 / All) WoW(BeLeIvE)It: L2P U FUCKN TRASH ASS KID
(50:20 / All) DIRTMCWORDup: no
(50:21 / All) DIRTMCWORDup: im going
(50:22 / All) DIRTMCWORDup: to leave
(50:26 / All) DIRTMCWORDup: kjust talk to me for a sec
(50:27 / All) DIRTMCWORDup: ok?
(50:27 / All) iggy_the_fisk: Can everyone tell us where they're from
(50:32 / All) WoW(BeLeIvE)It: DUMB ASS FAGGOTS ALWAYS GOTTA RYUIN A LEGIT GAME WITH THEIR DICK SUCKING LIPS
(50:37 / All) DIRTMCWORDup: are you really this angry over a loss?
(50:37 / All) JustCrafty: LOL
(50:41 / All) DIRTMCWORDup: do you want to win?
(50:42 / All) iggy_the_fisk: Does anyone know how to speak English
(50:44 / All) DIRTMCWORDup: that badly
(50:46 / All) WoW(BeLeIvE)It: TRASH 50% NUB
(50:47 / All) WoW(BeLeIvE)It: L2P
(50:48 / All) DIRTMCWORDup: do you have mumble?
(50:51 / All) WoW(BeLeIvE)It: NOT SUCK A BIG FUCKNE DICK
(50:52 / All) DIRTMCWORDup: can you talk to me for a sec?
(50:53 / All) WoW(BeLeIvE)It: LAWLL
(50:55 / All) iggy_the_fisk: we can talk this out
(50:58 / All) iggy_the_fisk: come on
(50:59 / All) WoW(BeLeIvE)It: GO BACK TO UR DADDYS BEAT DWN
(51:00 / All) JustCrafty: OK
(51:02 / All) DIRTMCWORDup: got skype?
(51:03 / All) WoW(BeLeIvE)It: THERE IS NO TIME FOR MORONS LIKE U
(51:07 / All) JustCrafty: THEN QUIT
(51:07 / All) DIRTMCWORDup: we can talk this over and i'll give you the win
(51:08 / All) iggy_the_fisk: at least spell properly come on
(51:10 / All) YacobsYokeYam: i know you're hurting... you must be hurting
(51:11 / All) DIRTMCWORDup: no
(51:12 / All) YacobsYokeYam: to say these things to us
(51:16 / All) YacobsYokeYam: not caring that they hurt our feelings
(51:17 / All) DIRTMCWORDup: i'll only quit once i know you appreciate it
(51:18 / All) YacobsYokeYam: cos somebody hurt you
(51:18 / All) DIRTMCWORDup: and right now
(51:19 / All) WoW(BeLeIvE)It: TRASH ASS CHILDREN
(51:22 / All) WoW(BeLeIvE)It: CAN U READ?
(51:25 / All) WoW(BeLeIvE)It: UNINSTALL
(51:27 / All) DIRTMCWORDup: you're obviously not appreciating what i;'m about to do for oyu
(51:31 / All) WoW(BeLeIvE)It: FUCKEN NUBS
(51:35 / All) YacobsYokeYam: just talk to us please
(51:39 / All) YacobsYokeYam: we wanna help you
(51:40 / All) iggy_the_fisk: we're here to help
(51:42 / All) WoW(BeLeIvE)It: TRASH KIDS
(51:43 / All) YacobsYokeYam: sure take the win, we can always win another game
(51:44 / All) WoW(BeLeIvE)It: CANT PLAY A GOOD GAME
(51:47 / All) WoW(BeLeIvE)It: CANT HAVE FUN
(51:50 / All) YacobsYokeYam: but how about we give you something more valuable:
(51:51 / All) YacobsYokeYam: our time
(51:52 / All) WoW(BeLeIvE)It: JUST SUCK THE GIANT COCK
(51:53 / All) iggy_the_fisk: we win lots of games, you can have this one
(51:54 / All) WoW(BeLeIvE)It: GOOD JOB CHILDREN
(51:55 / All) iggy_the_fisk: www.highper.ch/win
(51:57 / All) DIRTMCWORDup: *siGh*
(52:00 / All) YacobsYokeYam: seriously we'll quit the game
(52:01 / All) DIRTMCWORDup: these kids...dont want to win
(52:03 / All) YacobsYokeYam: just talk to us
(52:04 / All) WoW(BeLeIvE)It: FILTHY ASS FUCEKN NUBS
(52:06 / All) Tkedln30Seconds: nub lost chim
(52:14 / All) YacobsYokeYam: you must be hurting i can tell
(52:15 / All) WoW(BeLeIvE)It: L2P NUBS
(52:18 / All) iggy_the_fisk: with the thousands of gold he has
(52:20 / All) iggy_the_fisk: you want some gold?
(52:30 / All) YacobsYokeYam: listen just take the win
(52:34 / All) YacobsYokeYam: lemme give you something more valuable: my time
(52:52 / All) iggy_the_fisk: and a sagely advice
(52:55 / All) YacobsYokeYam: somebody must have hurt you
(52:58 / All) YacobsYokeYam: for you to be acting out like this
(53:00 / All) DIRTMCWORDup: cya.....
(53:05 / All) iggy_the_fisk: you're so angry
(53:10 / All) iggy_the_fisk: Just because you lost a game
(54:06 / All) iggy_the_fisk: do you run from things?
(54:08 / All) iggy_the_fisk: a lot?
(54:14 / All) Tkedln30Seconds: LOL
(54:19 / All) Tkedln30Seconds: too pro 4 u?
(54:28 / All) DIRTMCWORDup: can we talk plaease
(54:28 / All) iggy_the_fisk: well no
(54:29 / All) DIRTMCWORDup: please
(54:30 / All) iggy_the_fisk: I mean we won
(54:30 / All) DIRTMCWORDup: PLEASE
(54:31 / All) YacobsYokeYam: the game is over let's not focus on that
(54:32 / All) Tkedln30Seconds: Yea
(54:34 / All) Tkedln30Seconds: were talking
(54:37 / All) YacobsYokeYam: i want to understand
(54:38 / All) DIRTMCWORDup: do you have mumjbe
(54:40 / All) DIRTMCWORDup: mumble
(54:40 / All) YacobsYokeYam: why you guys reacted the way you did
(54:41 / All) DIRTMCWORDup: or ventrilo
(54:43 / All) DIRTMCWORDup: or skype
(54:43 / All) iggy_the_fisk: so where you from
(54:44 / All) DIRTMCWORDup: or teamspeak
(54:47 / All) Tkedln30Seconds: Because this ir RT
(54:47 / All) DIRTMCWORDup: or call me on my phone
(54:52 / All) Tkedln30Seconds: And you waste our precious time of our lives
(54:54 / All) Tkedln30Seconds: by doing this
(54:57 / All) Tkedln30Seconds: It extends games
(54:58 / All) iggy_the_fisk: you speak English right? even though you can't really spell? come talk to us on mumble
(55:02 / All) DIRTMCWORDup: where are you from
(55:06 / All) DIRTMCWORDup: give me a call seriously
(55:09 / All) DIRTMCWORDup: i
(55:12 / All) Tkedln30Seconds: lol
(55:12 / All) Tkedln30Seconds: k
(55:13 / All) DIRTMCWORDup: i'm not joking
(55:18 / All) Tkedln30Seconds: were all on skype
(55:26 / All) JustCrafty: were mafia lords
(55:27 / All) DIRTMCWORDup: 647 869 9830
(55:28 / All) JustCrafty: faggots
(55:29 / All) DIRTMCWORDup: call me
(55:30 / All) DIRTMCWORDup: p,lease
(55:31 / All) iggy_the_fisk: call us
(55:34 / All) iggy_the_fisk: on that number
(55:35 / All) DIRTMCWORDup: im being
(55:38 / All) DIRTMCWORDup: so serious right now
(55:43 / All) DIRTMCWORDup: i genuinely want you to feel better
(55:47 / All) iggy_the_fisk: because it seems like it did
(55:47 / All) Tkedln30Seconds: blue isnt
(55:48 / All) YacobsYokeYam: it matters a lot to you
(55:50 / All) YacobsYokeYam: what we did this game
(55:58 / All) iggy_the_fisk: you called us names
(56:06 / All) iggy_the_fisk: why would you do that to someone if you didn't care
(56:14 / All) YacobsYokeYam: you called us names and hurt our feelings
(56:20 / All) Tkedln30Seconds: im sorry
(56:20 / All) YacobsYokeYam: the only way you can justify that is if somebody hurt you
(56:21 / All) Tkedln30Seconds: xD
(56:32 / All) iggy_the_fisk: clan towa (www.highper.ch) supports excellent manner in every situation
(56:52 / All) iggy_the_fisk: it seems like you're doing our invite to a friendly phone call
(57:15 / All) Tkedln30Seconds: Come face my bm
(57:16 / All) Tkedln30Seconds: 1v1
(57:19 / All) Tkedln30Seconds: Rape your whole army
(57:21 / All) DIRTMCWORDup: come face my voice
(57:22 / All) DIRTMCWORDup: 1v1
(57:25 / All) Tkedln30Seconds: kk
(57:34 / All) iggy_the_fisk: call us
(57:44 / All) iggy_the_fisk: and we'll arrange honorful hero fights
(57:55 / All) Tkedln30Seconds: how about you 1v1 me
(57:56 / All) Tkedln30Seconds: ?
(58:01 / All) iggy_the_fisk: i already accepted
(58:04 / All) Tkedln30Seconds: okay
(58:11 / All) Tkedln30Seconds: LOl
(58:15 / All) Tkedln30Seconds: bm so good
(58:25 / All) iggy_the_fisk: apparently not good enough
(58:32 / All) Tkedln30Seconds: lol
(58:32 / All) iggy_the_fisk: so what do you think went wrong this game?
(58:37 / All) iggy_the_fisk: now that we have a second to chat
(58:50 / All) Tkedln30Seconds: Shouldve rushed
(58:52 / All) Tkedln30Seconds: thats what
(59:04 / All) Tkedln30Seconds: Anyways
(59:06 / All) Tkedln30Seconds: like i said earlier
(59:10 / All) Tkedln30Seconds: I just got done making out with a girl
(59:15 / All) Tkedln30Seconds: Does that make you jealous?
(59:19 / All) YacobsYokeYam: your first time? grats man :)
(59:23 / All) Tkedln30Seconds: First time?
(59:23 / All) Tkedln30Seconds: LOl
(59:33 / All) iggy_the_fisk: he has not one
(59:38 / All) iggy_the_fisk: but two girls
(59:42 / All) Tkedln30Seconds: no
(59:47 / All) iggy_the_fisk: so I think he's pretty experienced in the making out department
(60:14 / All) Tkedln30Seconds: il tell you this
(60:20 / All) Tkedln30Seconds: 1v1 me after?
(60:23 / All) WoW(BeLeIvE)It: anywaz u terrible kids need to learn how to play a 10 year old game
(60:29 / All) YacobsYokeYam: have you calmed down
(60:30 / All) YacobsYokeYam: blue
(60:31 / All) WoW(BeLeIvE)It: not suck dick and ruin a fun game for others fucekn fasggots
(60:31 / All) DIRTMCWORDup: come talk to me blue
(60:33 / All) iggy_the_fisk: for the billionth time yes I accept your 1v1 requested
(60:35 / All) DIRTMCWORDup: im sorry
(60:37 / All) DIRTMCWORDup: that i ruined it
(60:38 / All) iggy_the_fisk: let's talk about it blue
(60:38 / All) DIRTMCWORDup: ill quit
(60:40 / All) DIRTMCWORDup: if you talk to me
(60:41 / All) Tkedln30Seconds: Trash bitch
(60:41 / All) WoW(BeLeIvE)It: terrible ass fucken children
(60:42 / All) iggy_the_fisk: we can apologize formally
(60:44 / All) DIRTMCWORDup: seriously
(60:48 / All) WoW(BeLeIvE)It: good job ruining the game u fuckne trah
(60:51 / All) Tkedln30Seconds: Nothing to apologise
(60:55 / All) Tkedln30Seconds: do you feel proud
(60:57 / All) Tkedln30Seconds: You found my hall
(61:03 / All) YacobsYokeYam: we have known where it was the whole game
(61:04 / All) WoW(BeLeIvE)It: learn to play a 10 year old game hacking ass trash nubs
(61:04 / All) Tkedln30Seconds: now you can end the game
(61:05 / All) DIRTMCWORDup: of making you have a nervous breakdown? not really
(61:07 / All) YacobsYokeYam: we just wanted to get a chance to talk to you
(61:08 / All) Tkedln30Seconds: Go ahead and end the game
(61:11 / All) WoW(BeLeIvE)It: good job taken the cock in your moutrh yet again
(61:11 / All) DIRTMCWORDup: 647 869 9830
(61:14 / All) WoW(BeLeIvE)It: filth ass fucken nubs'
(61:21 / All) iggy_the_fisk: pick up a phone
(61:22 / All) YacobsYokeYam: dont pull the plug please
(61:23 / All) iggy_the_fisk: we won't learn if you don't call us
(61:24 / All) YacobsYokeYam: we're trying to talk
(61:24 / All) WoW(BeLeIvE)It: fucken terrible ass kids
(61:25 / All) DIRTMCWORDup: 647 869 9830
(61:30 / All) DIRTMCWORDup: whats your number
(61:32 / All) WoW(BeLeIvE)It: how can u play 10 years and suck so horribly
(61:39 / All) iggy_the_fisk: well I don't know
(61:39 / All) Tkedln30Seconds: Enjoying the lag
(61:40 / All) Tkedln30Seconds: ?
(61:40 / All) WoW(BeLeIvE)It: fucken faggot ass nubs
(61:42 / All) iggy_the_fisk: we started making towers
(61:44 / All) YacobsYokeYam: how can you say we suck when we defeated you so easily
(61:45 / All) iggy_the_fisk: and we won all the games
(61:49 / All) WoW(BeLeIvE)It: r u stupid
(61:51 / All) WoW(BeLeIvE)It: do u not comprehend u won
(61:55 / All) iggy_the_fisk: you lost
(62:01 / All) Tkedln30Seconds: are you
(62:02 / All) Tkedln30Seconds: ?
(62:03 / All) WoW(BeLeIvE)It: terrible as nubs
(62:05 / All) Tkedln30Seconds: enjoying the lag?
(62:09 / All) iggy_the_fisk: i love it
(62:09 / All) DIRTMCWORDup: ye
(62:10 / All) iggy_the_fisk: please
(62:11 / All) DIRTMCWORDup: keep going
(62:12 / All) iggy_the_fisk: I need tme
(62:13 / All) DIRTMCWORDup: gives us time to chat
(62:13 / All) iggy_the_fisk: to get our pizza
(62:14 / All) DIRTMCWORDup: to blue
(62:15 / All) iggy_the_fisk: have to pause the game
(62:17 / All) iggy_the_fisk: so I don't lose
(62:17 / All) iggy_the_fisk: I'm going to try to make out with the pizza guy
(62:37 / All) DIRTMCWORDup: xeus is saying you're having a rough time right now blue
(62:38 / All) iggy_the_fisk: fuck I wanted makeout advice
(62:39 / All) DIRTMCWORDup: whats going on
(62:43 / All) DIRTMCWORDup: just talk it over
(62:52 / All) YacobsYokeYam: now we got a 1on1 sesh with you
(62:57 / All) YacobsYokeYam: now that red and green have left
(63:10 / All) YacobsYokeYam: we are an acclaimed psychology team, we're good with this sort of thing
(63:41 / All) DIRTMCWORDup: HEY
(63:43 / All) DIRTMCWORDup: hey
(63:43 / All) DIRTMCWORDup: ?
(64:17 / All) YacobsYokeYam: blue are you here we're just trying to help
(64:19 / All) YacobsYokeYam: don't be frightened
(64:25 / All) WoW(BeLeIvE)It: dude seriously
(64:27 / All) WoW(BeLeIvE)It: stfu
(64:33 / All) DIRTMCWORDup: listen man
(64:34 / All) WoW(BeLeIvE)It: i do not care what a moron hacker like u has to say
(64:38 / All) DIRTMCWORDup: i just want
(64:39 / All) DIRTMCWORDup: to help
(64:43 / All) DIRTMCWORDup: i aint a kid anymore
(64:46 / All) WoW(BeLeIvE)It: is learn to play this good game
(64:48 / All) DIRTMCWORDup: i aint in it to "win" it...
(64:51 / All) YacobsYokeYam: we can give you this game if it'll make you feel better
(64:54 / All) YacobsYokeYam: will that help solve the problem?
(64:55 / All) WoW(BeLeIvE)It: not ruin it for others with stupid tactics and hacking
(64:59 / All) WoW(BeLeIvE)It: hacking will never make u good child
(65:01 / All) WoW(BeLeIvE)It: u comprehend?
(65:02 / All) WoW(BeLeIvE)It: NEVER
(65:04 / All) YacobsYokeYam: that you would accuse us of hacking when you know it's not true
(65:06 / All) DIRTMCWORDup: i just want to have fun and hopefully have some 16 year old not kill themself tonight becasue of it
(65:12 / All) YacobsYokeYam: yeah seriously dont hurt yourself
(65:14 / All) YacobsYokeYam: over this game
(65:19 / All) YacobsYokeYam: it's not worth it man it's just a game
(65:20 / All) WoW(BeLeIvE)It: unfortunatly kiddos u do hack and uve proved it many times
(65:23 / All) DIRTMCWORDup: are you going to cut yourself
(65:27 / All) DIRTMCWORDup: if i kill you
(65:28 / All) WoW(BeLeIvE)It: once again u dumb fuckne child
(65:29 / All) DIRTMCWORDup: if you lose this game?
(65:34 / All) WoW(BeLeIvE)It: leaqrn to play this good game
(65:37 / All) DIRTMCWORDup: just promise me
(65:39 / All) WoW(BeLeIvE)It: bot ruin it with ur dick sucking lips
(65:41 / All) WoW(BeLeIvE)It: u got it trash/
(65:41 / All) DIRTMCWORDup: ypou wont take a bunch of pills
(65:45 / All) DIRTMCWORDup: if i dont give you the win
(65:48 / All) WoW(BeLeIvE)It: this game is 10 years old
(65:48 / All) YacobsYokeYam: this must mean a lot to you if you can invent all these things
(65:51 / All) YacobsYokeYam: listen to the language you're using
(65:56 / All) WoW(BeLeIvE)It: there is no more room for moron idiots like u who wanna ruing it
(65:58 / All) YacobsYokeYam: it's indicative of someone with deep-rooted emotional problems
(66:02 / All) DIRTMCWORDup: you gonna drink a lot tonight
(66:06 / All) DIRTMCWORDup: sleep on your stomach please
(66:14 / All) DIRTMCWORDup: dont sleep on your back and choke on vomit or something
(66:16 / All) WoW(BeLeIvE)It: trash ass children
(66:25 / All) WoW(BeLeIvE)It: good job ruining a legit game for people who actually enj0y to play
(66:31 / All) YacobsYokeYam: we played legit
(66:32 / All) DIRTMCWORDup: come on man
(66:32 / All) YacobsYokeYam: we didn't hack
(66:34 / All) YacobsYokeYam: but you won't accept that
(66:37 / All) DIRTMCWORDup: grow up already
(66:39 / All) WoW(BeLeIvE)It: once again u hack and cube
(66:41 / All) DIRTMCWORDup: i'm trying to be an adult about this
(66:45 / All) WoW(BeLeIvE)It: thats not legit child
(66:47 / All) YacobsYokeYam: please save this replay
(66:50 / All) DIRTMCWORDup: how isn't it
(66:50 / All) YacobsYokeYam: watch it as many times as you like
(66:51 / All) WoW(BeLeIvE)It: stfu u stupid fuck
(66:54 / All) YacobsYokeYam: you'll see we didn't hack
(66:55 / All) WoW(BeLeIvE)It: learn to play
(67:07 / All) WoW(BeLeIvE)It: i used to work for blizzard i know hat obv hackers look like
(67:08 / All) WoW(BeLeIvE)It: nuff said
(67:14 / All) YacobsYokeYam: don't resort to these same insults and excuses
(67:17 / All) WoW(BeLeIvE)It: now finish the game and earn ur win u ass blasting trash hackers
(67:19 / All) YacobsYokeYam: have a real conversation with us
(67:20 / All) DIRTMCWORDup: i really doubt blizzard hires 15 year olds who pretend to get drunk
(67:23 / All) YacobsYokeYam: no we don't want the win
(67:29 / All) WoW(BeLeIvE)It: good thing im 24 right?
(67:29 / All) YacobsYokeYam: we want to talk to you
(67:32 / All) DIRTMCWORDup: lol.
(67:35 / All) DIRTMCWORDup: call me up
(67:36 / All) WoW(BeLeIvE)It: good thing i used towork for them right
(67:36 / All) DIRTMCWORDup: prove it
(67:37 / All) YacobsYokeYam: well why are you behaving like an immature child
(67:41 / All) WoW(BeLeIvE)It: and good thing i banned nub hckers like u kids
(67:42 / All) DIRTMCWORDup: i sincerely doubt that
(67:45 / All) DIRTMCWORDup: prove me wrong though
(67:55 / All) WoW(BeLeIvE)It: lol kid
(68:03 / All) WoW(BeLeIvE)It: i dont live in your gay uninted states
(68:06 / All) YacobsYokeYam: you're in a really dark place in your life
(68:07 / All) WoW(BeLeIvE)It: dont get ur hopes up
(68:08 / All) DIRTMCWORDup: i live in canada
(68:09 / All) YacobsYokeYam: i understand that this game is your one release
(68:11 / All) DIRTMCWORDup: toronto
(68:24 / All) WoW(BeLeIvE)It: i understand this game is ur get away from ur dads beating
(68:28 / All) DIRTMCWORDup: front street w & spadina
(68:32 / All) DIRTMCWORDup: right across from rogers centre
(68:35 / All) YacobsYokeYam: ok look at these really specific examples
(68:40 / All) DIRTMCWORDup: come over for a beer
(68:42 / All) DIRTMCWORDup: seriously
(68:43 / All) YacobsYokeYam: references to dads, abuse, rape
(68:49 / All) YacobsYokeYam: there's gotta be something there
(68:52 / All) DIRTMCWORDup: where do you live
(68:54 / All) YacobsYokeYam: a deep-seeded connection to your childhood maybe
(68:58 / All) DIRTMCWORDup: you know canadians are nice and trustworthy
(69:07 / All) YacobsYokeYam: "dick sucking lips" is this what your dad used to say to you?
(69:08 / All) iggy_the_fisk: "eh"?
(69:12 / All) WoW(BeLeIvE)It: anyways im going to go fuck my wife
(69:16 / All) WoW(BeLeIvE)It: u newbs can do what u want
(69:17 / All) DIRTMCWORDup: come on man
(69:19 / All) WoW(BeLeIvE)It: but just remember
(69:28 / All) WoW(BeLeIvE)It: the difference between me and u nubs
(69:29 / All) YacobsYokeYam: don't leave this game please
(69:32 / All) YacobsYokeYam: i want to resolve these issues
(69:34 / All) WoW(BeLeIvE)It: i didnt cheat in life to get as rich as i am now
(69:38 / All) WoW(BeLeIvE)It: what have u faggots done?
(69:41 / All) WoW(BeLeIvE)It: didnt think so
(69:47 / All) DIRTMCWORDup: i dunno
(69:49 / All) YacobsYokeYam: you don't know us man
(69:50 / All) iggy_the_fisk: i won a game of wc3 once
(69:52 / All) DIRTMCWORDup: made you have a nervous breakdown
(69:53 / All) iggy_the_fisk: it's what I cling to
(69:56 / All) DIRTMCWORDup: which i am not proud of at all
(70:15 / All) WoW(BeLeIvE)It: u wish kid u could make some1 like me have a nervous break down
(70:18 / All) WoW(BeLeIvE)It: hilarious ass child
(70:19 / All) YacobsYokeYam: please don't let this game make you turn to more drugs and alcohol
(70:22 / All) DIRTMCWORDup: seriously though
(70:22 / All) WoW(BeLeIvE)It: must be really idiotic
(70:23 / All) YacobsYokeYam: it's not the way out
(70:25 / All) DIRTMCWORDup: you seem to have calmed down
(70:27 / All) DIRTMCWORDup: can you just
(70:30 / All) DIRTMCWORDup: grab yourself a beer
(70:33 / All) DIRTMCWORDup: walk outside for 30 sec
(70:35 / All) DIRTMCWORDup: get fresh air
(70:36 / All) WoW(BeLeIvE)It: do u not know what, my typing means nothing b/c this is the interent and its meaningless
(70:38 / All) DIRTMCWORDup: stretch your legs
(70:41 / All) DIRTMCWORDup: and come back and talk to me
(70:41 / All) iggy_the_fisk: your dad's not worth destroying yourself for
(70:44 / All) DIRTMCWORDup: i want to help you out
(70:45 / All) DIRTMCWORDup: be a friend
(70:46 / All) WoW(BeLeIvE)It: iggy
(70:48 / All) YacobsYokeYam: you're right, it's the internet- BUT you're a person behind all this talk
(70:49 / All) WoW(BeLeIvE)It: some advice for u
(70:51 / All) WoW(BeLeIvE)It: mhy mom and dad
(70:53 / All) WoW(BeLeIvE)It: both dead
(70:56 / All) WoW(BeLeIvE)It: so
(70:58 / All) DIRTMCWORDup: did you kill them
(70:59 / All) YacobsYokeYam: are you happy that they're dead?
(71:01 / All) YacobsYokeYam: did your dad abuse you?
(71:02 / All) iggy_the_fisk: dead
(71:05 / All) iggy_the_fisk: or dead to you?
(71:05 / All) WoW(BeLeIvE)It: i killed them
(71:07 / All) DIRTMCWORDup: doctor patient confidentiality
(71:14 / All) WoW(BeLeIvE)It: as in they died
(71:19 / All) WoW(BeLeIvE)It: and r now 6 feet in the earth son
(71:26 / All) YacobsYokeYam: did they die from the shame of having such a no-good son?
(71:26 / All) DIRTMCWORDup: where are you from blue
(71:29 / All) DIRTMCWORDup: dont even gotta
(71:34 / All) DIRTMCWORDup: say address or w/e
(71:37 / All) WoW(BeLeIvE)It: they died b/c my cock was enormous
(71:38 / All) DIRTMCWORDup: you from canada?
(71:44 / All) DIRTMCWORDup: was?
(71:46 / All) DIRTMCWORDup: what happened
(71:52 / All) WoW(BeLeIvE)It: it got biiger
(71:55 / All) DIRTMCWORDup: did you get surgery to decrease the girth
(72:08 / All) WoW(BeLeIvE)It: ~yawn!
(72:13 / All) WoW(BeLeIvE)It: my wife is waiting to get fucked
(72:14 / All) YacobsYokeYam: i'm sad
(72:17 / All) WoW(BeLeIvE)It: good bhy kids
(72:17 / All) DIRTMCWORDup: so
(72:17 / All) iggy_the_fisk: 1. Wife who puts out. 2. Rich. 3. Enormous penis 4. Dad who does not sexually abuse him
(72:18 / All) WoW(BeLeIvE)It: l2p
(72:21 / All) DIRTMCWORDup: instead of sitting here
(72:21 / All) iggy_the_fisk: is this the life you would want?
(72:22 / All) WoW(BeLeIvE)It: good job ruining this gme
(72:22 / All) YacobsYokeYam: that you put up such an emotional brick wall
(72:24 / All) DIRTMCWORDup: talking with us
(72:26 / All) DIRTMCWORDup: go fuck your wife
(72:27 / All) YacobsYokeYam: we could have helped you today
(72:31 / All) YacobsYokeYam: but you wouldn't let us in
(72:33 / All) DIRTMCWORDup: get your priorities in order
(72:37 / All) WoW(BeLeIvE)It: lol
(72:39 / All) WoW(BeLeIvE)It: yacobs
(72:43 / All) DIRTMCWORDup: and you still sit here
(72:45 / All) DIRTMCWORDup: talking
(72:48 / All) DIRTMCWORDup: instead of fucking your wife?
(72:49 / All) WoW(BeLeIvE)It: let me tell u idiots something right now
(72:57 / All) WoW(BeLeIvE)It: i am the happiest person ull ever meet
(73:02 / All) WoW(BeLeIvE)It: i dmnt hck problems
(73:03 / All) WoW(BeLeIvE)It: hence
(73:06 / All) WoW(BeLeIvE)It: i dnot ruin a game for others
(73:09 / All) DIRTMCWORDup: so
(73:11 / All) DIRTMCWORDup: talk with me
(73:15 / All) DIRTMCWORDup: lets have a good time
(73:17 / All) WoW(BeLeIvE)It: hence u ruin a legit game for people like me
(73:19 / All) DIRTMCWORDup: im being so serious
(73:20 / All) DIRTMCWORDup: right now
(73:23 / All) YacobsYokeYam: this is projection right now.. don't let it lead to suicide please
(73:24 / All) DIRTMCWORDup: i want to have a beer with you
(73:29 / All) DIRTMCWORDup: just hang out or something
(73:38 / All) YacobsYokeYam: please call a helpline
(73:40 / All) YacobsYokeYam: before you do anything drastic
(73:44 / All) YacobsYokeYam: it might seem like the only way out
(73:45 / All) WoW(BeLeIvE)It: hahahaaah kids think i would commit suicide when im rich as fuck bitch
(73:47 / All) WoW(BeLeIvE)It: hahahahaha
(73:48 / All) YacobsYokeYam: but suicide is not the way
(73:53 / All) YacobsYokeYam: no don't joke any more man
(73:53 / All) YacobsYokeYam: come on
(73:56 / All) YacobsYokeYam: these aren't light issues
(73:58 / All) iggy_the_fisk: lots of wealthy people suffer from depression
(73:59 / All) YacobsYokeYam: this is you're life we're talking about
(74:02 / All) DIRTMCWORDup: false projection is the #1 sign of impending suicide dude...
(74:02 / All) YacobsYokeYam: and it might not be that good right now
(74:06 / All) YacobsYokeYam: but trust me there's always something to live for
(74:13 / All) WoW(BeLeIvE)It: hm...
(74:17 / All) YacobsYokeYam: maybe it's not warcraft 3 because clearly losing in this game affects you too much
(74:17 / All) WoW(BeLeIvE)It: haklf the shit u say i dont know
(74:19 / All) WoW(BeLeIvE)It: but thanx
(74:22 / All) iggy_the_fisk: Let's go out n have a beer, shoot the ol hoopie around
(74:28 / All) WoW(BeLeIvE)It: all i know is i live happy life and r rich
(74:30 / All) WoW(BeLeIvE)It: wat r u kids?
(74:31 / All) YacobsYokeYam: the amount of excuses and lies you've had to invent
(74:33 / All) WoW(BeLeIvE)It: wat have u kids done?
(74:34 / All) WoW(BeLeIvE)It: lawll
(74:36 / All) WoW(BeLeIvE)It: god bye
(74:36 / All) YacobsYokeYam: to rationalise losing this game
(74:39 / All) DIRTMCWORDup: god bye
(74:41 / All) DIRTMCWORDup: enjoy your night
(74:45 / All) DIRTMCWORDup: have a good night dude
(74:47 / All) WoW(BeLeIvE)It: ill have a beer with u when u take the cock out ur ass
(74:47 / All) DIRTMCWORDup: sleep well
(74:49 / All) YacobsYokeYam: feel better please
(74:50 / All) WoW(BeLeIvE)It: and l2p u fucken faggot
(74:53 / All) DIRTMCWORDup: ok
(74:54 / All) DIRTMCWORDup: sorry
(74:55 / All) YacobsYokeYam: please reassess your life
(74:58 / All) YacobsYokeYam: know that people care about you
(75:00 / All) YacobsYokeYam: even if it's just me
(75:02 / All) YacobsYokeYam: i really care about you
(75:03 / All) DIRTMCWORDup: sorry i got you angry
(75:05 / All) WoW(BeLeIvE)It: please reassess learning how to play child
(75:06 / All) DIRTMCWORDup: over a video game
(75:09 / All) DIRTMCWORDup: im saying that
(75:11 / All) DIRTMCWORDup: with no sarcasm
(75:14 / All) WoW(BeLeIvE)It: this is hilarious
(75:16 / All) WoW(BeLeIvE)It: u morons think
(75:17 / All) WoW(BeLeIvE)It: hahahaha
(75:19 / All) WoW(BeLeIvE)It: all this posted
(75:22 / All) YacobsYokeYam: i'm really really sorry to have put you on edge like this
(75:26 / All) WoW(BeLeIvE)It: the entire convo of how stupid americans r
(75:31 / All) YacobsYokeYam: i'm not american
(75:33 / All) YacobsYokeYam: i'm from the UK
(75:34 / All) DIRTMCWORDup: i'm from canada. where are you from?
(75:35 / All) WoW(BeLeIvE)It: its called u ruined a game for legit pro gameras like me
(75:40 / All) WoW(BeLeIvE)It: good job taken a cock in ur throat
(75:43 / All) WoW(BeLeIvE)It: go kill yourself
(75:45 / All) WoW(BeLeIvE)It: dumb ass nubds
(75:48 / All) DIRTMCWORDup: where are you from dude
(75:50 / All) iggy_the_fisk: with the utmost humility I wish this game did you no harm
(75:50 / All) DIRTMCWORDup: what country
(75:52 / All) WoW(BeLeIvE)It: go hang yourself by ur computer
(75:55 / All) WoW(BeLeIvE)It: daddy beats u
(76:00 / All) WoW(BeLeIvE)It: and u gotta cheat at a game
(76:01 / All) iggy_the_fisk: I wish you would stop lashing out at us...
(76:03 / All) WoW(BeLeIvE)It: fucken amricans
(76:06 / All) DIRTMCWORDup: canada
(76:08 / All) DIRTMCWORDup: canada
(76:08 / All) YacobsYokeYam: look at all these fantasies you've invented: working for blizzard, being a pro gamer, having a marriage and lots of money
(76:09 / All) DIRTMCWORDup: canada
(76:10 / All) DIRTMCWORDup: canada
(76:11 / All) DIRTMCWORDup: canada
(76:12 / All) WoW(BeLeIvE)It: only idiotic americans find ways to cheat at a game
(76:12 / All) DIRTMCWORDup: canada
(76:14 / All) WoW(BeLeIvE)It: good job
(76:14 / All) iggy_the_fisk: We are not from the USA
(76:15 / All) DIRTMCWORDup: canada
(76:16 / All) DIRTMCWORDup: canada
(76:17 / All) DIRTMCWORDup: canada
(76:18 / All) DIRTMCWORDup: canada
(76:19 / All) WoW(BeLeIvE)It: pink
(76:19 / All) DIRTMCWORDup: canada
(76:20 / All) DIRTMCWORDup: canada
(76:21 / All) DIRTMCWORDup: canada
(76:23 / All) DIRTMCWORDup: canada
(76:24 / All) DIRTMCWORDup: canada
(76:27 / All) WoW(BeLeIvE)It: u know what the best part is about me "fantasies"
(76:30 / All) DIRTMCWORDup: nobody here is american
(76:33 / All) WoW(BeLeIvE)It: unfortunatly for u child
(76:35 / All) WoW(BeLeIvE)It: they r true
(76:38 / All) WoW(BeLeIvE)It: hahahaha
(76:39 / All) WoW(BeLeIvE)It: i love it
(76:44 / All) DIRTMCWORDup: where are you from
(76:45 / All) DIRTMCWORDup: ?
(76:49 / All) YacobsYokeYam: xeus told us you're going through some real emotional problems right now
(76:50 / All) WoW(BeLeIvE)It: u go home to your 20x15 room
(76:53 / All) WoW(BeLeIvE)It: i walk into a mansion
(76:59 / All) WoW(BeLeIvE)It: i bathe in gold
(77:02 / All) WoW(BeLeIvE)It: u bathe in nothing
(77:03 / All) WoW(BeLeIvE)It: hahahahah
(77:08 / All) YacobsYokeYam: this isn't the first time you've had these thoughts
(77:09 / All) WoW(BeLeIvE)It: hurry up and earn ur win
(77:12 / All) WoW(BeLeIvE)It: ima go fuck my wife
(77:13 / All) YacobsYokeYam: don't let them get you
(77:18 / All) WoW(BeLeIvE)It: see ya fagotys latter
(77:23 / All) YacobsYokeYam: don't let this game
(77:24 / All) WoW(BeLeIvE)It: l2p this old ass game
(77:25 / All) YacobsYokeYam: be the last thing
(77:30 / All) WoW(BeLeIvE)It: not ruing it for others like me
(77:31 / All) YacobsYokeYam: ok again, you've threatened to leave this game so many times
(77:34 / All) YacobsYokeYam: and go fuck your wife
(77:35 / All) YacobsYokeYam: but you haven't
(77:37 / All) YacobsYokeYam: because you know you need our help
(77:40 / All) YacobsYokeYam: you need someone to reach out to you
(77:55 / All) YacobsYokeYam: if you just let us in
(77:58 / All) YacobsYokeYam: maybe we can help you
(78:04 / All) DIRTMCWORDup: you got skype?
(78:06 / All) DIRTMCWORDup: kerr.tyler
(78:08 / All) DIRTMCWORDup: hit me
(78:15 / All) iggy_the_fisk: we're just one skypeclick away
(78:17 / All) YacobsYokeYam: if you really aren't lying to us
(78:20 / All) YacobsYokeYam: just leave the game now
(78:25 / All) YacobsYokeYam: but stay if you want us to help you
(78:27 / All) DIRTMCWORDup: xbox live?
(78:32 / All) DIRTMCWORDup: ill get on
(78:33 / All) YacobsYokeYam: because i really think i can help you out of htis dark time in your life
(78:34 / All) DIRTMCWORDup: xbox live
(78:36 / All) DIRTMCWORDup: to talk to you
(78:42 / All) iggy_the_fisk: can on a string if you let us know where you live
(78:49 / All) DIRTMCWORDup: psn??
(78:51 / All) DIRTMCWORDup: i get on psn
(79:02 / All) DIRTMCWORDup: wanna facetime
(79:05 / All) DIRTMCWORDup: on iphone
(79:08 / All) DIRTMCWORDup: since you rich?? got 4s?
(79:29 / All) DIRTMCWORDup: i got iphone 5 i think they compatible...i work for apple dev team
(79:35 / All) DIRTMCWORDup: so they give me new product before they hit the shelf
(79:43 / All) DIRTMCWORDup: I can hook you up bro
(80:36 / All) YacobsYokeYam: i'm going to pray for you tonight blue
(80:41 / All) YacobsYokeYam: and have my whole church pray for you
(80:50 / All) DIRTMCWORDup: the highperch church of tower replays
(81:05 / All) DIRTMCWORDup: im pastor timothy gastrok
(81:10 / All) YacobsYokeYam: the truth is though.. there is no afterlife
(81:12 / All) YacobsYokeYam: if you end it now
(81:20 / All) YacobsYokeYam: you're giving the way the only valuable thing you'll ever have: your life
(81:21 / All) DIRTMCWORDup: suicide is a mortal sin dude
(81:25 / All) iggy_the_fisk: "two hands in prayer can do more than a million towering"
(81:27 / All) DIRTMCWORDup: do you want an eternity wreathed in flames?
(81:44 / All) DIRTMCWORDup: if u kill urself then ull die in fire forever over and over - john 3:!6